 Dungeon Crawl Stone Soup version 0.31-a0-557-g6e16503903 (webtiles) character file.

Game seed: 16161720884980326079

239 innerfire43 the Ruffian (level 6, -1/47 HPs)
             Began as a Gnoll Shapeshifter on Aug 16, 2023.
             Was a Priest of Cheibriados.
             Slain by a sleepcap (11 damage)
             ... on level 4 of the Dungeon.
             The game lasted 00:03:19 (2029 turns).

innerfire43 the Ruffian (Gnoll Shapeshifter)        Turns: 2029, Time: 00:03:20

Health: -1/47      AC: 11    Str: 24    XL:     6   Next: 7%
Magic:  8/8        EV:  2    Int: 16    God:    Cheibriados [***...]
Gold:   137        SH:  0    Dex: 24    Spells: 8/8 levels left

rFire   . .          .
                       - Unarmed
rCold   x . .        (shield currently unavailable)
rNeg    . . .        r - +1 ring mail {Will+}
rPois   .            p - +2 helmet "Paunutas" {rC- Will++ Dex+4 SInv}
rElec   .            q - +1 cloak
rCorr   .            (no gloves)
SInv    +            (no boots)
Will    +++..        k - amulet of faith
Stlth   +            (no ring)
HPRegen 0.27/turn    (no ring)
MPRegen 0.11/turn

%: faith
@: flux-form, sleeping, glowing, very slow
A: glow, contaminating, fangs 1, strong nose, distributed training
a: Begin Untransformation, Renounce Religion, Bend Time, Temporal Distortion


You were on level 4 of the Dungeon.
You worshipped Cheibriados.
Cheibriados was most pleased with you.
You were something dangerously unstable.
You visited 1 branch of the dungeon, and saw 4 of its levels.

You collected 137 gold pieces.

Inventory:

Hand Weapons
 e - a +4 club
 u - the +5 dagger of the King {flame, Fly rC+++ Str-5 Dex-4}
   (You found it on level 3 of the Dungeon)

   Str-5:     It affects your strength (-5).
   Dex-4:     It affects your dexterity (-4).
   rC+++:     It renders you almost immune to cold.
   Fly:       It grants you flight.
Missiles
 m - a throwing net
Armour
 a - a +0 animal skin
 g - a +0 helmet
 p - the +2 helmet "Paunutas" (worn) {rC- Will++ Dex+4 SInv}
   (You took it off Robin on level 2 of the Dungeon)

   Dex+4:     It affects your dexterity (+4).
   rC-:       It makes you vulnerable to cold.
   Will++:    It greatly increases your willpower.
   SInv:      It lets you see invisible.
 q - a +1 cloak (worn)
 r - a +1 ring mail of willpower (worn)
Jewellery
 k - an amulet of faith (around neck)
 l - an amulet of guardian spirit
 n - an amulet of magic regeneration
Talismans
 c - a beast talisman
 d - a flux talisman (active)
Wands
 t - a wand of flame (18)
Scrolls
 h - a scroll of silence
 x - 3 scrolls of teleportation
Potions
 b - a potion of lignification
 f - a potion of heal wounds {unknown}
 i - a potion of haste {unknown}
 j - a potion of ambrosia {unknown}
 o - a potion of attraction {unknown}
 w - a potion of curing {unknown}


   Skills:
 + Level 3.1 Fighting
 + Level 1.8 Short Blades
 + Level 1.8 Long Blades
 + Level 1.8 Axes
 + Level 1.8 Maces & Flails
 + Level 1.8 Polearms
 + Level 1.8 Staves
 + Level 1.8 Ranged Weapons
 + Level 1.8 Throwing
 + Level 1.8 Armour
 + Level 4.9 Dodging
 + Level 1.8 Stealth
 + Level 1.8 Shields
 + Level 6.8 Unarmed Combat
 + Level 1.8 Spellcasting
 + Level 1.4 Conjurations
 + Level 1.4 Hexes
 + Level 1.4 Summonings
 + Level 1.4 Necromancy
 + Level 1.4 Translocations
 + Level 1.4 Transmutations
 + Level 1.4 Fire Magic
 + Level 1.4 Ice Magic
 + Level 1.4 Air Magic
 + Level 1.4 Earth Magic
 + Level 1.4 Poison Magic
 + Level 2.0 Invocations
 + Level 1.8 Evocations
 + Level 6.7 Shapeshifting


You had 8 spell levels left.
You didn't know any spells.
Your spell library contained the following spells:

 Spells                   Type           Power      Damage    Failure   Level
 Poisonous Vapours        Pois/Air       12%        N/A       28%         2
 Mephitic Cloud           Conj/Pois/Air  6%         N/A       50%         3
 Freezing Cloud           Conj/Ice/Air   3%         6-21      99%         5


Dungeon Overview and Level Annotations

Branches:
Dungeon (4/15)
 Temple: D:4-7

Altars:
Cheibriados


Innate Abilities, Weirdness & Mutations

You are something dangerously unstable.
You glow with magical radiation, making you easy to see and hit.
Foes you strike become dangerously contaminated with magical radiation.
You are incapable of wielding weapons or throwing items.
You have very sharp teeth.
Your uncanny sense of smell can sniff out nearby items.
Your experience applies equally to all skills.


Message History

The goblin shoots a sling bullet.
The sling bullet hits you.
The orc shouts!
The goblin shouts!
The goblin shoots a sling bullet.
The sling bullet misses you.
Unknown command.
The sleepcap releases spores at you but does no damage.
The goblin shoots a sling bullet.
The sling bullet hits you but does no damage.
The sleepcap barely misses you.
The goblin shoots a sling bullet.
The sling bullet misses you. The goblin completely misses you.
The sleepcap releases spores at you but does no damage.
The orc hits you with a +0 dagger.
* * * LOW HITPOINT WARNING * * *
You barely miss the goblin. The goblin hits you with a +0 dagger.
* * * LOW HITPOINT WARNING * * *
The sleepcap closely misses you. The orc barely misses you.
The goblin unwields a +0 sling.
The goblin wields a +0 club.
The goblin hits you with a +0 club.
* * * LOW HITPOINT WARNING * * *
You punch the goblin!
You kill the goblin!
Cheibriados appreciates the change of pace.
The sleepcap closely misses you. The orc misses you. The goblin misses you.
Unknown command.
You closely miss the orc. The sleepcap closely misses you.
The orc closely misses you. The goblin misses you.
You barely miss the orc. The orc hits you but does no damage.
The sleepcap releases spores at you but does no damage.
You hit the orc.
The orc begins to glow.
The orc is lightly wounded.
The goblin misses you. The sleepcap misses you. The orc misses you.
You barely miss the orc. The goblin closely misses you.
The orc hits you with a +0 dagger.
* * * LOW HITPOINT WARNING * * *
The sleepcap releases spores at you.
* * * LOW HITPOINT WARNING * * *
You are engulfed in a cloud of soporific spores!
You fall asleep.
The goblin hits you but does no damage. The sleepcap releases spores at you!
You die...

#........# ...
##.....(.... ....
###....####### ....#
###.....##
.....##.......##
........##.....#
........##.....##
##..o).##.....##
#..fB.###.>...#
##..g...###....##
#........†.#....#
............†.#....#
..#............#...#
.
#............##...#
#.............#....
#...#.........# ...
#...#..........# ..


You could see a sleepcap, an orc (contam) and a goblin.

Vanquished Creatures
  Crazy Yiuf (D:2)
  Jessica (D:2)
  An iguana (D:4)
  Terence (D:2)
  Robin (D:2)
  3 adders (D:2)
  An ufetubus (D:4)
  3 worms (D:2)
  A dart slug (D:1)
  7 orcs (D:3)
  A bat (D:3)
  2 endoplasms
  2 giant cockroaches
  10 hobgoblins
  4 jackals (D:4)
  7 kobolds
  A quokka (D:1)
  4 ball pythons
  3 frilled lizards
  16 goblins
  3 rats
73 creatures vanquished.

Vanquished Creatures (others)
  A goblin (D:2)
1 creature vanquished.

Grand Total: 74 creatures vanquished

Notes
Turn   | Place    | Note
-------+----------+-------------------------------------------
     0 | D:1      | innerfire43 the Gnoll Shapeshifter began the quest for the
                  | Orb.
     0 | D:1      | Reached XP level 1. HP: 17/17 MP: 1/1
    95 | D:1      | Found a faded altar of an unknown god.
   119 | D:1      | Reached XP level 2. HP: 20/23 MP: 2/2
   478 | D:1      | Prayed at the altar of an unknown god.
   478 | D:1      | Became a worshipper of Cheibriados the Contemplative
   478 | D:1      | Reached * piety under Cheibriados
   497 | D:2      | Noticed Jessica
   499 | D:2      | Killed Jessica
   500 | D:2      | Reached skill level 1 in Invocations
   500 | D:2      | Reached XP level 3. HP: 25/28 MP: 2/4
   545 | D:2      | Reached skill level 1 in Short Blades
   545 | D:2      | Reached skill level 1 in Long Blades
   545 | D:2      | Reached skill level 1 in Axes
   545 | D:2      | Reached skill level 1 in Maces & Flails
   545 | D:2      | Reached skill level 1 in Polearms
   545 | D:2      | Reached skill level 1 in Staves
   545 | D:2      | Reached skill level 1 in Ranged Weapons
   545 | D:2      | Reached skill level 1 in Throwing
   545 | D:2      | Reached skill level 1 in Armour
   545 | D:2      | Reached skill level 1 in Stealth
   545 | D:2      | Reached skill level 1 in Shields
   545 | D:2      | Reached skill level 1 in Spellcasting
   545 | D:2      | Reached skill level 1 in Evocations
   606 | D:2      | Reached XP level 4. HP: 33/34 MP: 5/5
   737 | D:2      | Noticed Terence
   742 | D:2      | Killed Terence
   743 | D:2      | Reached skill level 1 in Conjurations
   743 | D:2      | Reached skill level 1 in Hexes
   743 | D:2      | Reached skill level 1 in Summonings
   743 | D:2      | Reached skill level 1 in Necromancy
   743 | D:2      | Reached skill level 1 in Translocations
   743 | D:2      | Reached skill level 1 in Transmutations
   743 | D:2      | Reached skill level 1 in Fire Magic
   743 | D:2      | Reached skill level 1 in Ice Magic
   743 | D:2      | Reached skill level 1 in Air Magic
   743 | D:2      | Reached skill level 1 in Earth Magic
   743 | D:2      | Reached skill level 1 in Poison Magic
   774 | D:2      | Reached ** piety under Cheibriados
   812 | D:2      | Reached XP level 5. HP: 36/40 MP: 6/6
   867 | D:2      | Found a runed translucent door.
   868 | D:2      | Noticed Crazy Yiuf
   992 | D:2      | Identified the +2 helmet "Paunutas" {rC- Will++ Dex+4 SInv}
   992 | D:2      | Noticed Robin
  1005 | D:2      | Killed Robin
  1101 | D:2      | Killed Crazy Yiuf
  1452 | D:3      | Reached *** piety under Cheibriados
  1573 | D:3      | Identified the +5 dagger of the King {flame, Fly rC+++
                  | Str-5 Dex-4}
  2001 | D:4      | Reached XP level 6. HP: 16/47 MP: 8/8
  2029 | D:4      | Slain by a sleepcap

Illustrated notes

Levels and vault maps discovered:
D:1:      nzn_arrival_settlement, layout_rooms,
          shapermc_ecumenical_altar_starsandcircs
D:2:      layout_basic, feat_on_display, uniq_jessica, uniq_robin,
          uniq_crazy_yiuf_cottage, uniq_terence
D:3:      layout_rooms, interstate_on_off, guppyfry_early_orc_mine
D:4:      layout_cave_pods, gammafunk_temple_overflow_wave, enter_ossuary_1,
          serial_shops, kennysheep_little_box

Skill      XL: |  1  2  3  4  5 |
---------------+----------------+-----
Invocations    | 1 2 |  2.0
Short Blades   | 1 |  1.8
Long Blades    | 1 |  1.8
Axes           | 1 |  1.8
Maces & Flails | 1 |  1.8
Polearms       | 1 |  1.8
Staves         | 1 |  1.8
Ranged Weapons | 1 |  1.8
Throwing       | 1 |  1.8
Armour         | 1 |  1.8
Stealth        | 1 |  1.8
Shields        | 1 |  1.8
Spellcasting   | 1 |  1.8
Evocations     | 1 |  1.8
Conjurations   | 1 |  1.4
Hexes          | 1 |  1.4
Summonings     | 1 |  1.4
Necromancy     | 1 |  1.4
Translocations | 1 |  1.4
Transmutations | 1 |  1.4
Fire Magic     | 1 |  1.4
Ice Magic      | 1 |  1.4
Air Magic      | 1 |  1.4
Earth Magic    | 1 |  1.4
Poison Magic   | 1 |  1.4
Fighting       | 3 |  3.1
Dodging        | |  4.9
Unarmed Combat | |  6.8
Shapeshifting  | |  6.7

Action                     |  1- 3 |  4- 6 || total
---------------------------+-------+-------++-------
  Melee: Unarmed           |    38 |   146 ||   184
         Bite              |     4 |    14 ||    18
    Use: Scroll            |       |     5 ||     5
   Stab: Sleeping          |       |     2 ||     2
 Armour: Animal skin       |     3 |    14 ||    17
         Ring mail         |       |    39 ||    39
  Dodge: Dodged            |    18 |   119 ||   137
   Form: Flux              |     1 |       ||     1

Table legend: (Time is in decaauts)
 A = Elapsed time spent in this place.
 B = Non-inter-level travel time spent in this place.
 C = Inter-level travel time spent in this place.
 D = Time resting spent in this place.
 E = Time spent auto-exploring this place.
 F = Levels seen in this place.
 G = Mean time per level.
                   A        B        C        D        E       F      G
               +--------+--------+--------+--------+--------+-----+--------+
         Total |   2582 |   2483 |     99 |      0 |   1946 |   4 |  645.5 |
       Dungeon |   2582 |   2483 |     99 |      0 |   1946 |   4 |  645.5 |
               +--------+--------+--------+--------+--------+-----+--------+

Top non-repeatable levels by time:
     D:3: 1032 daAuts
     D:2: 817 daAuts
     D:1: 496 daAuts
     D:4: 235 daAuts
